 Dungeon Crawl Stone Soup version 0.23.0 (webtiles) character file.

Game seed: 4721971449635240549

77 Borgoz the Chopper (level 4, 7/27 HPs)
             Began as a Gargoyle Gladiator on Feb 9, 2019.
             Starved to death
             ... on level 3 of the Dungeon.
             The game lasted 00:03:23 (1911 turns).

Borgoz the Chopper (Gargoyle Gladiator)             Turns: 1911, Time: 00:03:23

Health: 7/27       AC:  7    Str: 17    XL:     4   Next: 33%
Magic:  4/4        EV: 13    Int: 11    God:
Gold:   89         SH:  0    Dex: 14    Spells: 3/3 levels left

rFire    . . .     SeeInvis .   a - +0 war axe
rCold    . . .     Gourm    .   (no shield)
rNeg     + . .     Faith    .   m - +0 leather armour
rPois    ∞         Spirit   .   c - +0 helmet
rElec    +         Reflect  .   n - scarf {cloud immunity}
rCorr    .         Harm     .   (no gloves)
MR       +....                  (no boots)
Stlth    +.........             (no amulet)
HPRegen  0.09/turn              (no ring)
MPRegen  0.09/turn              (no ring)

@: fainting
A: agile 1, clever 1, magic resistance 1, negative energy resistance 1,
electricity resistance, unbreathing, petrification resistance, rot immunity, AC
+3
a: no special abilities


You were on level 3 of the Dungeon.
You were fainting.

You visited 1 branch of the dungeon, and saw 3 of its levels.

You collected 89 gold pieces.

Inventory:

Hand Weapons
 a - a +0 war axe (weapon)
 b - a +0 whip of electrocution
Missiles
 d - 3 throwing nets (quivered)
Armour
 c - a +0 helmet (worn)
 m - a +0 leather armour (worn)
 n - a scarf of cloud immunity (worn)
Scrolls
 e - 2 scrolls of teleportation {unknown}
 g - a scroll of identify {unknown}
 j - a scroll of enchant armour {unknown}
 l - a scroll of random uselessness {unknown}
 o - a scroll of fear {unknown}
 p - 4 scrolls of remove curse {unknown}
Potions
 h - a potion of heal wounds {unknown}
 i - a potion of mutation
 k - a potion of ambrosia
 s - 2 potions of brilliance {unknown}


   Skills:
 + Level 2.6 Fighting
 + Level 3.7 Axes
 + Level 1.9 Throwing
 + Level 0.5 Armour
 + Level 3.0 Dodging
 + Level 0.1 Stealth


You had 3 spell levels left.
You didn't know any spells.
Your spell library was empty.

Dungeon Overview and Level Annotations

Branches:
Dungeon (3/15)

Altars:


Innate Abilities, Weirdness & Mutations

You are resistant to torment.
Your stone body is resilient. (AC +3)
You are immune to poison.
You resist negative energy. (rN+)
You are resistant to electric shocks. (rElec)
You can survive without breathing.
You are immune to petrification.
You are immune to rotting.
You are agile. (Dex +2)
Your mind is acute. (Int +2)
You are resistant to hostile enchantments. (MR+)


Message History

The hungry ghost is almost destroyed.
The hungry ghost closely misses you.
You miss the hungry ghost.
The hungry ghost is almost destroyed.
The hungry ghost closely misses you. The hungry ghost hits you.
You feel slightly more hungry.
Unknown command.
You miss the hungry ghost.
The hungry ghost is almost destroyed.
The hungry ghost closely misses you.
You completely miss the hungry ghost.
The hungry ghost is almost destroyed.
The hungry ghost hits you.
You feel slightly more hungry.
You miss the hungry ghost.
The hungry ghost is almost destroyed.
The hungry ghost closely misses you. The hungry ghost barely misses you.
You miss the hungry ghost.
The hungry ghost is almost destroyed.
You have starved to death.
You die...

......# ......+ .....# .....$.
.....# #.......# ....#
#.......# #...# #.......# #..#
#.......# #@W# #.......#
#..####.......#
####............#
#...#............. ##.#
#.....######### .#
##..###.............# ..###
###...................#
....#####.....................#
.........##÷..................#


You could see a hungry ghost.

Vanquished Creatures
  2 adders (D:2)
  An ooze (D:2)
  A worm (D:2)
  A dart slug (D:1)
  3 giant cockroaches
  3 goblins (D:1)
  5 hobgoblins
  8 jackals
  2 ball pythons (D:2)
  6 bats
  4 frilled lizards (D:2)
  5 kobolds
  8 rats
49 creatures vanquished.

Notes
Turn   | Place    | Note
-------+----------+-------------------------------------------
     0 | D:1      | Borgoz the Gargoyle Gladiator began the quest for the Orb.
     0 | D:1      | Reached XP level 1. HP: 12/12 MP: 1/1
   169 | D:1      | Reached XP level 2. HP: 18/18 MP: 2/2
   685 | D:2      | Reached XP level 3. HP: 22/22 MP: 3/3
  1224 | D:2      | Reached XP level 4. HP: 27/27 MP: 4/4
  1834 | D:3      | Noticed a hungry ghost
  1842 | D:3      | Gained mutation: Your mind is acute. (Int +2) [potion of
                  | mutation]
  1842 | D:3      | Gained mutation: You are resistant to hostile enchantments.
                  | (MR+) [potion of mutation]
  1842 | D:3      | Gained mutation: You are agile. (Dex +2) [potion of
                  | mutation]
  1898 | D:3      | Paralysed by fainting for 5 turns
  1911 | D:3      | Starved to death

Skill      XL: |  1  2  3  4 |
---------------+-------------+-----
Axes           | 3 |  3.7
Dodging        | 3 |  3.0
Fighting       | |  2.6
Throwing       | |  1.9
Armour         | |  0.5
Stealth        | |  0.1

Action                   |  1- 3 |  4- 6 || total
-------------------------+-------+-------++-------
Melee: War axe           |   112 |   103 ||   215
  Use: Potion            |       |     3 ||     3
 Stab: Distracted        |       |     1 ||     1
  Eat: Chunk             |     1 |     3 ||     4
       Ration            |       |     4 ||     4
Armor: Leather armour    |    58 |    54 ||   112
       Skin              |       |    22 ||    22
Dodge: Dodged            |   101 |    79 ||   180
